 Dungeon Sprint DCSS version 0.24.1-5-g77f818bfca (webtiles) character file.

Game seed: 190785347355641678, levelgen mode: deterministic

5560 Doot the Covert (level 10, -25/83 HPs)
             Began as a Gnoll Enchanter on Apr 23, 2020.
             Was a High Priest of Vehumet.
             Annihilated by a spriggan defender
             ... wielding a +2 rapier of holy wrath
              (26 damage)
             ... in the Dungeon (Sprint IV: "Fedhas' Mad Dash").
             The game lasted 00:08:38 (1995 turns).

Doot the Covert (Gnoll Enchanter)                   Turns: 1995, Time: 00:08:38

Health: -25/83     AC:  9    Str: 10    XL:     10   Next: 71%
Magic:  2/24       EV: 16    Int: 22    God:    Vehumet [*****.]
Gold:   224        SH:  0    Dex: 15    Spells: 10/29 levels left

rFire    . . .     SeeInvis .   a - +1 dagger
rCold    . . .     Gourm    .   (no shield)
rNeg     . . .     Faith    .   n - +0 swamp dragon scales
rPois    +         Spirit   .   (no helmet)
rElec    .         Reflect  .   (no cloak)
rCorr    .         Harm     .   (no gloves)
MR       .....     NoTele   +   (no boots)
Stlth    ++++......             k - amulet of invisibility {+Inv}
HPRegen  0.23/turn              (no ring)
MPRegen  0.19/turn              (no ring)

@: hasted, very quick
A: distributed training, fangs 1, strong nose
a: Renounce Religion, Evoke Invisibility


You were in the Dungeon.
You worshipped Vehumet.
Vehumet was extremely pleased with you.
You were not hungry.

You visited 1 branch You collected 224 gold pieces.

Inventory:

Hand Weapons
 a - a +1 dagger (weapon)
Armour
 b - a +0 robe
 n - +0 swamp dragon scales (worn)
Jewellery
 k - the amulet of invisibility (around neck) {+Inv}
   (You found it in the Dungeon)

   [amulet of nothing]

   It lets you turn invisible.
Wands
 o - a wand of disintegration (16)
Scrolls
 c - a scroll of remove curse {unknown}
 e - a scroll of enchant armour {unknown}
 j - 2 scrolls of blinking
 q - a scroll of identify {unknown}
Potions
 d - a potion of mutation {unknown}
 f - 2 potions of heal wounds
 h - 2 potions of magic
 l - a potion of lignification {unknown}
 m - 2 potions of might {unknown}
Miscellaneous
 i - a fan of gales
 p - a lightning rod (4/4)
Comestibles
 r - a chunk of flesh


   Skills:
 + Level 9.1 Fighting
 + Level 9.5 Short Blades
 + Level 9.1 Long Blades
 + Level 9.1 Axes
 + Level 9.1 Maces & Flails
 + Level 9.1 Polearms
 + Level 9.1 Staves
 + Level 9.1 Slings
 + Level 9.1 Bows
 + Level 9.1 Crossbows
 + Level 9.1 Throwing
 + Level 9.1 Armour
 + Level 10.2 Dodging
 + Level 10.8 Stealth
 + Level 9.1 Shields
 + Level 9.1 Unarmed Combat
 + Level 10.4 Spellcasting
 + Level 7.6 Conjurations
 + Level 9.4 Hexes
 + Level 7.6 Charms
 + Level 7.6 Summonings
 + Level 7.6 Necromancy
 + Level 7.6 Translocations
 + Level 7.6 Transmutations
 + Level 7.6 Fire Magic
 + Level 7.6 Ice Magic
 + Level 7.6 Air Magic
 + Level 7.6 Earth Magic
 + Level 7.6 Poison Magic
 + Level 10.0 Invocations
 + Level 9.1 Evocations


You had 10 spell levels left.
You knew the following spells:

 Your Spells              Type           Power        Failure   Level  Hunger
a - Corona                Hex            ######.      1%          1    None
b - Ensorcelled Hibernat  Hex/Ice        #####.       1%          2    None
c - Confuse               Hex            ######..     1%          3    None
d - Throw Flame           Conj/Fire      #####.       1%          2    None
e - Conjure Flame         Conj/Fire      #####...     1%          3    None
f - Force Lance           Conj/Tloc      #####...     1%          4    ##.....
g - Airstrike             Air            #####.....   1%          4    ##.....

Your spell library contained the following spells:

 Spells                   Type           Power        Failure   Level  Hunger
 Conjure Ball Lightning   Conj/Air       #####.....   21%         6    ######.
 Confusing Touch          Hex            ######       1%          1    None
 Summon Small Mammal      Summ           ####         1%          1    None
 Call Imp                 Summ           #####...     1%          2    None
 Call Canine Familiar     Summ           #####...     1%          3    None
 Dazzling Spray           Conj/Hex       #####.       1%          3    None
 Gell's Gravitas          Tloc           #####.....   1%          3    None
 Summon Guardian Golem    Hex/Summ       #####...     1%          3    None
 Tukima's Dance           Hex            ######..     1%          3    None
 Yara's Violent Unravell  Hex/Tmut       #####.....   2%          5    ####...
 Petrify                  Tmut/Erth      #####...     5%          4    ##.....
 Summon Ice Beast         Ice/Summ       #####...     5%          4    ##.....
 Summon Lightning Spire   Summ/Air       #####...     5%          4    ##.....
 Metabolic Englaciation   Hex/Ice        #####.....   10%         5    ####...


Dungeon Overview and Level Annotations

Branches:
Dungeon (1/1)

Altars:
Cheibriados
Dithmenos
Elyvilon
Gozag
Hepliaklqana
Kikubaaqudgha
Makhleb
Nemelex Xobeh
Okawaru
Qazlal
Ru
Sif Muna
Trog
Uskayaw
Vehumet
Wu Jian
Xom
Yredelemnul
Zin
The Shining One
Beogh
Jiyva
Lugonu

Shops:
D }=!*[*

Annotations:
D exclusion: 3 oklob plants


Innate Abilities, Weirdness & Mutations

Your experience applies equally to all skills.
You have very sharp teeth.
Your uncanny sense of smell can sniff out nearby items.


Message History

Press: ? - help, Shift-Dir - straight line, f/p - spriggan defender
Aim: a spriggan defender, wielding a +2 rapier of holy wrath, wearing a +0 robe and wearing a +0 buckler (moderately wounded)
The lance of force hits the spriggan defender!
The spriggan defender is moderately wounded.
The spriggan defender is knocked back by the lance of force.
The spriggan defender slams into the stone wall!
Unknown command.
Casting: Force Lance (safe; 1% risk of failure)
Confirm with . or Enter, or press ? or * to list all spells.
Aiming: Force Lance (safe; 1% risk of failure)
Press: ? - help, Shift-Dir - straight line, f/p - spriggan defender
Aim: a spriggan defender, wielding a +2 rapier of holy wrath, wearing a +0 robe and wearing a +0 buckler (heavily wounded)
The spriggan defender blocks the lance of force.
The spriggan defender hits you with a +2 rapier of holy wrath!!
Unknown command.
You feel yourself speed up.
The spriggan defender hits you with a +2 rapier of holy wrath!!
* * * LOW HITPOINT WARNING * * *
The spriggan defender hits you with a +2 rapier of holy wrath!!
You die...

..._._._._...#..###'##...##∩#∆∆
.._._._._._..#..##∩∩.'...####
._._._._._.⌠.#############
##################..P.(/#
♣♣♣♣♣..♣.###.'..+.....[$+
.....♣..♣##..#..#.P....P#
..♣♣♣.♣).###.##'##.P.P..#
♣♣..♣...♣'...#♣.♣########
#############..@i.####
###..♣..♣....#
#####.).♣......♣...♣
..........♣.)...∩.∩...=
...#################### # ∆ ∆ ∆
∆


You could see a spriggan defender.

Vanquished Creatures
  Agnes (D)
  A spriggan berserker (D)
  A spriggan druid (D)
  3 oklob plants (D)
  3 burning bushes (D)
  3 wandering mushrooms (D)
  A queen bee (D)
  2 scorpions (D)
  4 killer bees (D)
  5 oklob saplings (D)
  A worker ant (D)
  2 spriggans (D)
  A river rat (D)
  A rat (D)
  A ballistomycete spore (D)
30 creatures vanquished.

Notes
Turn   | Place    | Note
-------+----------+-------------------------------------------
     0 | D        | Doot the Gnoll Enchanter began the quest for the Orb.
     0 | D        | Reached XP level 1. HP: 13/13 MP: 6/6
    23 | D        | Reached skill level 1 in Fighting
    23 | D        | Reached skill level 1 in Long Blades
    23 | D        | Reached skill level 1 in Axes
    23 | D        | Reached skill level 1 in Maces & Flails
    23 | D        | Reached skill level 1 in Polearms
    23 | D        | Reached skill level 1 in Staves
    23 | D        | Reached skill level 1 in Slings
    23 | D        | Reached skill level 1 in Bows
    23 | D        | Reached skill level 1 in Crossbows
    23 | D        | Reached skill level 1 in Throwing
    23 | D        | Reached skill level 1 in Armour
    23 | D        | Reached skill level 1 in Shields
    23 | D        | Reached skill level 1 in Unarmed Combat
    23 | D        | Reached skill level 5 in Spellcasting
    23 | D        | Reached skill level 1 in Invocations
    23 | D        | Reached skill level 1 in Evocations
    23 | D        | Reached XP level 2. HP: 21/21 MP: 8/8
    42 | D        | Learned a level 2 spell: Ensorcelled Hibernation
    43 | D        | Noticed an oklob sapling
    44 | D        | Killed an oklob sapling
    44 | D        | Reached skill level 5 in Dodging
    44 | D        | Reached skill level 1 in Conjurations
    44 | D        | Reached skill level 1 in Charms
    44 | D        | Reached skill level 1 in Summonings
    44 | D        | Reached skill level 1 in Necromancy
    44 | D        | Reached skill level 1 in Translocations
    44 | D        | Reached skill level 1 in Transmutations
    44 | D        | Reached skill level 1 in Fire Magic
    44 | D        | Reached skill level 1 in Ice Magic
    44 | D        | Reached skill level 1 in Air Magic
    44 | D        | Reached skill level 1 in Earth Magic
    44 | D        | Reached skill level 1 in Poison Magic
    44 | D        | Reached XP level 3. HP: 27/27 MP: 9/9
    47 | D        | Found the amulet of invisibility {+Inv}
    48 | D        | Reached XP level 4. HP: 33/33 MP: 9/11
    67 | D        | Found an opulent altar of Gozag.
    67 | D        | Found a hazy altar of Hepliaklqana.
    67 | D        | Found a roughly hewn altar of Beogh.
    67 | D        | Found a snail-covered altar of Cheibriados.
    69 | D        | Found a viscous altar of Jiyva.
    69 | D        | Found a burning altar of Makhleb.
    69 | D        | Found a sparkling altar of Nemelex Xobeh.
    69 | D        | Found a sacrificial altar of Ru.
    69 | D        | Found a shimmering blue altar of Sif Muna.
    69 | D        | Found a bloodstained altar of Trog.
    69 | D        | Found an ornate altar of the Wu Jian Council.
    69 | D        | Found a shimmering altar of Xom.
    69 | D        | Found a basalt altar of Yredelemnul.
    69 | D        | Noticed an oklob sapling priest
    70 | D        | Found an iron altar of Okawaru.
    70 | D        | Found a glowing silver altar of Zin.
    70 | D        | Found a shadowy altar of Dithmenos.
    71 | D        | Found a hide-covered altar of Uskayaw.
    71 | D        | Found an ancient bone altar of Kikubaaqudgha.
    72 | D        | Found a glowing golden altar of the Shining One.
    72 | D        | Found a stormy altar of Qazlal.
    72 | D        | Found a white marble altar of Elyvilon.
    73 | D        | Found a radiant altar of Vehumet.
    73 | D        | Found a corrupted altar of Lugonu.
    76 | D        | Killed an oklob sapling priest
    82 | D        | Became a worshipper of Vehumet
   204 | D        | Reached XP level 5. HP: 41/41 MP: 11/13
   264 | D        | Noticed a queen bee
   268 | D        | Reached * piety under Vehumet
   268 | D        | Offered knowledge of Shock by Vehumet.
   278 | D        | Reached skill level 5 in Short Blades
   278 | D        | Reached XP level 6. HP: 36/48 MP: 1/15
   310 | D        | Reached ** piety under Vehumet
   310 | D        | Reached skill level 5 in Invocations
   554 | D        | Learned a level 3 spell: Confuse
   567 | D        | Killed a queen bee
   567 | D        | Offered knowledge of Throw Flame by Vehumet.
   567 | D        | Reached skill level 5 in Fighting
   567 | D        | Reached skill level 5 in Long Blades
   567 | D        | Reached skill level 5 in Axes
   567 | D        | Reached skill level 5 in Maces & Flails
   567 | D        | Reached skill level 5 in Polearms
   567 | D        | Reached skill level 5 in Staves
   567 | D        | Reached skill level 5 in Slings
   567 | D        | Reached skill level 5 in Bows
   567 | D        | Reached skill level 5 in Crossbows
   567 | D        | Reached skill level 5 in Throwing
   567 | D        | Reached skill level 5 in Armour
   567 | D        | Reached skill level 5 in Shields
   567 | D        | Reached skill level 5 in Unarmed Combat
   567 | D        | Reached skill level 5 in Evocations
   567 | D        | Reached XP level 7. HP: 30/56 MP: 10/17
   571 | D        | Learned a level 2 spell: Throw Flame
   832 | D        | Noticed an oklob plant
   845 | D        | Killed an oklob plant
   845 | D        | Reached skill level 5 in Conjurations
   845 | D        | Reached skill level 5 in Charms
   845 | D        | Reached skill level 5 in Summonings
   845 | D        | Reached skill level 5 in Necromancy
   845 | D        | Reached skill level 5 in Translocations
   845 | D        | Reached skill level 5 in Transmutations
   845 | D        | Reached skill level 5 in Fire Magic
   845 | D        | Reached skill level 5 in Ice Magic
   845 | D        | Reached skill level 5 in Air Magic
   845 | D        | Reached skill level 5 in Earth Magic
   845 | D        | Reached skill level 5 in Poison Magic
   845 | D        | Reached XP level 8. HP: 15/64 MP: 17/19
  1079 | D        | Noticed a burning bush
  1082 | D        | Killed a burning bush
  1101 | D        | Noticed a burning bush
  1101 | D        | Noticed an oklob plant
  1102 | D        | Noticed a wandering mushroom
  1103 | D        | Killed a burning bush
  1103 | D        | Offered knowledge of Conjure Flame by Vehumet.
  1108 | D        | Killed an oklob plant
  1108 | D        | Reached *** piety under Vehumet
  1108 | D        | Reached XP level 9. HP: 72/72 MP: 21/21
  1112 | D        | Killed a wandering mushroom
  1220 | D        | Noticed a spriggan druid
  1221 | D        | Killed a spriggan druid
  1282 | D        | Learned a level 3 spell: Conjure Flame
  1285 | D        | Offered knowledge of Force Lance by Vehumet.
  1285 | D        | Reached **** piety under Vehumet
  1298 | D        | Learned a level 4 spell: Force Lance
  1315 | D        | Offered knowledge of Airstrike by Vehumet.
  1320 | D        | Found Vieck's Jewellery Shop.
  1325 | D        | Found Niulut's Gadget Emporium.
  1327 | D        | Noticed a wandering mushroom
  1328 | D        | Noticed a burning bush
  1337 | D        | Learned a level 4 spell: Airstrike
  1347 | D        | Noticed a wandering mushroom
  1349 | D        | Killed a wandering mushroom
  1351 | D        | Reached ***** piety under Vehumet
  1351 | D        | Offered knowledge of Conjure Ball Lightning by Vehumet.
  1482 | D        | Killed a wandering mushroom
  1482 | D        | Reached skill level 10 in Stealth
  1575 | D        | Killed a burning bush
  1575 | D        | Reached XP level 10. HP: 80/80 MP: 2/23
  1582 | D        | Found Qioph's Antique Armour Shoppe.
  1583 | D        | Found Lebiuc's Assorted Antiques.
  1753 | D        | Noticed an oklob plant conjurer
  1754 | D        | Killed an oklob plant conjurer
  1769 | D        | Noticed an oklob plant
  1769 | D        | Noticed an oklob plant summoner
  1771 | D        | Noticed an oklob plant shifter
  1957 | D        | Noticed Agnes
  1960 | D        | Found Quimef's Distillery.
  1960 | D        | Noticed a spriggan berserker
  1962 | D        | Found Xaloh's Assorted Antiques.
  1965 | D        | Killed Agnes
  1965 | D        | Reached skill level 10 in Dodging
  1965 | D        | Reached skill level 10 in Spellcasting
  1975 | D        | Killed a spriggan berserker
  1975 | D        | Reached skill level 10 in Invocations
  1983 | D        | Noticed a spriggan defender
  1995 | D        | HP: 1/83 [spriggan defender/+2 rapier of holy wrath (27)]
  1995 | D        | Annihilated by a spriggan defender

Levels and vault maps discovered:
D:        dungeon_sprint_fedhas [sprint_temple]

Skill      XL: |  1  2  3  4  5  6  7  8  9 10 |
---------------+-------------------------------+-----
Fighting       | 1 2 3 4 5 6 7 8 9 |  9.1
Long Blades    | 1 2 3 4 5 6 7 8 9 |  9.1
Axes           | 1 2 3 4 5 6 7 8 9 |  9.1
Maces & Flails | 1 2 3 4 5 6 7 8 9 |  9.1
Polearms       | 1 2 3 4 5 6 7 8 9 |  9.1
Staves         | 1 2 3 4 5 6 7 8 9 |  9.1
Slings         | 1 2 3 4 5 6 7 8 9 |  9.1
Bows           | 1 2 3 4 5 6 7 8 9 |  9.1
Crossbows      | 1 2 3 4 5 6 7 8 9 |  9.1
Throwing       | 1 2 3 4 5 6 7 8 9 |  9.1
Armour         | 1 2 3 4 5 6 7 8 9 |  9.1
Stealth        | 6 7 8 9 10 | 10.8
Shields        | 1 2 3 4 5 6 7 8 9 |  9.1
Unarmed Combat | 1 2 3 4 5 6 7 8 9 |  9.1
Spellcasting   | 5 6 7 8 9 10 | 10.4
Invocations    | 1 2 3 4 5 6 7 8 10 | 10.0
Evocations     | 1 2 3 4 5 6 7 8 9 |  9.1
Short Blades   | 3 4 5 6 7 8 9 |  9.5
Dodging        | 5 6 7 8 9 10 | 10.2
Conjurations   | 1 2 3 4 5 6 7 |  7.6
Charms         | 1 2 3 4 5 6 7 |  7.6
Summonings     | 1 2 3 4 5 6 7 |  7.6
Necromancy     | 1 2 3 4 5 6 7 |  7.6
Translocations | 1 2 3 4 5 6 7 |  7.6
Transmutations | 1 2 3 4 5 6 7 |  7.6
Fire Magic     | 1 2 3 4 5 6 7 |  7.6
Ice Magic      | 1 2 3 4 5 6 7 |  7.6
Air Magic      | 1 2 3 4 5 6 7 |  7.6
Earth Magic    | 1 2 3 4 5 6 7 |  7.6
Poison Magic   | 1 2 3 4 5 6 7 |  7.6
Hexes          | 6 7 8 9 |  9.4

Action                   |  1- 3 |  4- 6 |  7- 9 | 10-12 || total
-------------------------+-------+-------+-------+-------++-------
Melee: Dagger            |    17 |    12 |    19 |     4 ||    52
       Bite              |     2 |       |     1 |       ||     3
 Cast: Ensorcelled Hiber |       |    12 |     2 |       ||    14
       Force Lance       |       |       |     9 |     6 ||    15
       Throw Flame       |       |       |     7 |     3 ||    10
       Confuse           |       |       |     5 |       ||     5
       Conjure Flame     |       |       |     1 |       ||     1
       Airstrike         |       |       |       |     7 ||     7
 Abil: Evoke Invisibilit |       |     2 |     2 |     1 ||     5
  Use: Potion            |       |     2 |       |     1 ||     3
 Stab: Sleeping          |     3 |     7 |    12 |     3 ||    25
       Invisible         |       |       |     1 |       ||     1
  Eat: Ration            |       |       |     1 |     1 ||     2
Armor: Robe              |       |     3 |       |       ||     3
Dodge: Dodged            |    11 |    31 |     2 |     4 ||    48
